 Dungeon Crawl Stone Soup version 0.26-a0-312-g187c3b9 (webtiles) character file.

Game seed: 12238624341151243465

8 Firecrotchwizard the Magician (level 2, -1/19 HPs)
             Began as a Gnoll Wanderer on July 16, 2020.
             Slain by a leopard gecko (3 damage)
             ... on level 2 of the Dungeon.
             The game lasted 00:00:55 (312 turns).

Firecrotchwizard the Magician (Gnoll Wanderer)       Turns: 312, Time: 00:00:56

Health: -1/19      AC:  2    Str: 12    XL:     2   Next: 8%
Magic:  7/7        EV: 11    Int: 15    God:
Gold:   43         SH:  0    Dex: 15    Spells: 9/10 levels left

rFire    . . .     SeeInvis .   a - +0 dagger
rCold    . . .     Faith    .   (no shield)
rNeg     . . .     Spirit   .   c - +0 robe
rPois    .         Reflect  .   (no helmet)
rElec    .         Harm     .   (no cloak)
rCorr    .                      (no gloves)
MR       .....                  (no boots)
Stlth    ++........             (no amulet)
HPRegen  0.06/turn              (no ring)
MPRegen  0.10/turn              (no ring)

@: no status effects
A: distributed training, fangs 1, strong nose
a: no special abilities


You were on level 2 of the Dungeon.
You visited 1 branch of the dungeon, and saw 2 of its levels.

You collected 43 gold pieces.

Inventory:

Hand Weapons
 a - a +0 dagger (weapon)
Missiles
 d - a throwing net {=f, !d}
Armour
 c - a +0 robe (worn)
Scrolls
 b - a scroll of teleportation
 e - a scroll of remove curse {unknown}


   Skills:
 + Level 0.2 Fighting
 + Level 0.2 Short Blades
 + Level 0.2 Long Blades
 + Level 0.2 Axes
 + Level 0.2 Maces & Flails
 + Level 0.2 Polearms
 + Level 0.2 Staves
 + Level 0.2 Slings
 + Level 0.2 Bows
 + Level 0.2 Crossbows
 + Level 2.4 Throwing
 + Level 0.2 Armour
 + Level 0.2 Dodging
 + Level 2.2 Stealth
 + Level 0.2 Shields
 + Level 0.2 Unarmed Combat
 + Level 4.9 Spellcasting
 + Level 0.1 Conjurations
 + Level 3.6 Hexes
 + Level 0.1 Charms
 + Level 0.1 Summonings
 + Level 0.1 Necromancy
 + Level 0.1 Translocations
 + Level 2.0 Transmutations
 + Level 2.0 Fire Magic
 + Level 3.6 Ice Magic
 + Level 0.1 Air Magic
 + Level 0.1 Earth Magic
 + Level 0.1 Poison Magic
 + Level 0.3 Invocations
 + Level 0.2 Evocations


You had 9 spell levels left.
You knew the following spells:

 Your Spells              Type           Power        Failure   Level
a - Freeze                Ice            ##..         3%          1

Your spell library contained the following spells:

 Spells                   Type           Power        Failure   Level
 Frozen Ramparts          Ice            ##....       11%         3
 Ozocubu's Armour         Chrm/Ice       #.......     22%         3
 Hailstorm                Conj/Ice       #.......     58%         4
 Summon Ice Beast         Ice/Summ       #.......     58%         4


Dungeon Overview and Level Annotations

Branches:
Dungeon (1/15)

Altars:

Annotations:
D:1 exclusion: gnoll


Innate Abilities, Weirdness & Mutations

Your experience applies equally to all skills.
You have very sharp teeth.
Your uncanny sense of smell can sniff out nearby items.


Message History

You kill the dart slug!
No target in view!
No target in view!
A hobgoblin comes into view.
The hobgoblin shouts!
The hobgoblin hits you.
You take 2 damage, and have 11/13 hp.
You hit the hobgoblin. The hobgoblin closely misses you.
You hit the hobgoblin but do no damage. The hobgoblin hits you.
You take 3 damage, and have 8/13 hp.
MASSIVE DAMAGE!!
You are too injured to fight recklessly!
You hit the hobgoblin but do no damage. You bite the hobgoblin.
The hobgoblin closely misses you.
You hit the hobgoblin but do no damage. The hobgoblin barely misses you.
You hit the hobgoblin. You bite the hobgoblin.
You kill the hobgoblin!
You see here a hobgoblin corpse.
You see here a hobgoblin corpse.
You start resting.
Health restored: 13 You see here a hobgoblin corpse.
A gnoll comes into view. It is wielding a +0 club.
A bat comes into view.
The bat hits you but does no damage. The bat hits you but does no damage.
The bat barely misses you. The bat hits you but does no damage.
You hit the bat. The bat barely misses you.
The bat hits you but does no damage.
You hit the bat.
You kill the bat!
Your Transmutations skill increases to level 2!
Your Fire Magic skill increases to level 2!
No target in view!
No target in view!
You can't see that place. [the floor.]
You now have 25 gold pieces (gained 10).
You see here a bat corpse.
You now have 37 gold pieces (gained 12).
You fall into a shaft and drop 1 floor!
The shaft crumbles and collapses.
A quokka comes into view.
Found a stone staircase leading down.
The helpless quokka fails to defend itself.
You puncture the quokka!
You kill the quokka!
You have reached level 2!
Health restored: 19; MP restored: 7 You see here a robe.
You now have 43 gold pieces (gained 6).
e - a scroll labeled NOSHRI VIFIMAM No target in view!
A goblin comes into view.
The goblin shouts!
Found a stone staircase leading up.
A leopard gecko comes into view.
You hit the goblin. The goblin hits you.
You take 3 damage, and have 16/19 hp.
You hit the goblin.
You kill the goblin!
An ooze comes into view.
The leopard gecko misses you.
The ooze quivers.
You hit the leopard gecko. The leopard gecko misses you.
You hit the leopard gecko. Your bite misses the leopard gecko.
The leopard gecko bites you.
You take 2 damage, and have 15/19 hp.
You closely miss the leopard gecko. The ooze misses you.
The leopard gecko bites you.
You take 1 damage, and have 14/19 hp.
You are too injured to fight recklessly!
You are too injured to fight recklessly!
You miss the leopard gecko.
The leopard gecko bites you but does no damage.
The ooze closely misses you.
You closely miss the leopard gecko. The leopard gecko barely misses you.
The ooze hits you. The leopard gecko barely misses you.
You take 1 damage, and have 13/19 hp.
You barely miss the leopard gecko. The ooze hits you.
The leopard gecko bites you but does no damage.
You take 3 damage, and have 10/19 hp.
You hit the leopard gecko. The ooze barely misses you.
The leopard gecko barely misses you.
You barely miss the leopard gecko. The ooze hits you.
The leopard gecko misses you.
You take 1 damage, and have 9/19 hp.
You hit the ooze. The leopard gecko barely misses you.
The ooze hits you but does no damage.
You hit the ooze. The leopard gecko barely misses you. The ooze misses you.
You hit the ooze but do no damage.
The leopard gecko bites you but does no damage.
The ooze hits you but does no damage. The leopard gecko bites you.
* * * LOW HITPOINT WARNING * * *
You take 4 damage, and have 5/19 hp.
MASSIVE DAMAGE!!
You hit the ooze. The ooze hits you.
* * * LOW HITPOINT WARNING * * *
The leopard gecko bites you.
You die...

### ..... #.. #...# #.#
#...# #.# #...#
####.#### #...#
#.......#
#.####...#####.##.##.#
...............##.##.###
......l@..............#.
......J...$....#.###..#.
#.####...#####.#........
#...# #.......... #...#
##..###.... #...# #.##
##... #<..# ...# #...
#...# . ###. ∆##


You could see an ooze and a leopard gecko.

Vanquished Creatures
  A dart slug (D:1)
  A bat (D:1)
  A goblin (D:2)
  A hobgoblin (D:1)
  A quokka (D:2)
5 creatures vanquished.

Notes
Turn   | Place    | Note
-------+----------+-------------------------------------------
     0 | D:1      | Firecrotchwizard the Gnoll Wanderer began the quest for the
                  | Orb.
     0 | D:1      | Firecrotchwizard set off with the following items: a +0
                  | dagger, a scroll of teleportation, a +0 robe; and the
                  | following spell memorised: Freeze; and the following spells
                  | available to memorise: Frozen Ramparts, Ozocubu's Armour,
                  | Hailstorm, Summon Ice Beast
     0 | D:1      | Reached XP level 1. HP: 13/13 MP: 6/6
   187 | D:1      | Reached skill level 2 in Transmutations
   187 | D:1      | Reached skill level 2 in Fire Magic
   205 | D:1      | You fall into a shaft and drop 1 floor!
   208 | D:2      | Reached XP level 2. HP: 19/19 MP: 7/7
   312 | D:2      | HP: 2/19 [ooze (3)]
   312 | D:2      | Slain by a leopard gecko

Illustrated notes

Levels and vault maps discovered:
D:1:      lemuel_arrival_funnel, layout_loops_ring
D:2:      cheibrodos_greedy_goblins, layout_loops_cross, marbit_many_paths,
          serial_forest, infiniplex_forest_straight_1,
          infiniplex_forest_straight_5, infiniplex_forest_corner_2,
          infiniplex_forest_corner_1, infiniplex_forest_straight_4

Skill      XL: |  1 |
---------------+----+-----
Transmutations | 2 |  2.0
Fire Magic     | 2 |  2.0
Fighting       | |  0.2
Short Blades   | |  0.2
Long Blades    | |  0.2
Axes           | |  0.2
Maces & Flails | |  0.2
Polearms       | |  0.2
Staves         | |  0.2
Slings         | |  0.2
Bows           | |  0.2
Crossbows      | |  0.2
Throwing       | |  2.4
Armour         | |  0.2
Dodging        | |  0.2
Stealth        | |  2.2
Shields        | |  0.2
Unarmed Combat | |  0.2
Spellcasting   | |  4.9
Conjurations   | |  0.1
Hexes          | |  3.6
Charms         | |  0.1
Summonings     | |  0.1
Necromancy     | |  0.1
Translocations | |  0.1
Ice Magic      | |  3.6
Air Magic      | |  0.1
Earth Magic    | |  0.1
Poison Magic   | |  0.1
Invocations    | |  0.3
Evocations     | |  0.2

Action                   || total
-------------------------++-------
Melee: Dagger            ||    25
       Bite              ||     2
 Stab: Sleeping          ||     1
Armor: Robe              ||     9
Dodge: Dodged            ||    20

Table legend:
 A = Non-vault XP
 B = Vault XP
 C = Vault XP percentage of total XP
 D = Non-vault monster count
 E = Vault monster count
 F = Vault count percentage of total count
                 A         B        C        D         E       F
            +---------+---------+-------+---------+---------+-------
      Total |      12 |       0 |   0.0 |       5 |       0 |   0.0
            +---------+---------+-------+---------+---------+-------
        D:1 |       8 |       0 |   0.0 |       3 |       0 |   0.0
        D:2 |       4 |       0 |   0.0 |       2 |       0 |   0.0
            +---------+---------+-------+---------+---------+-------

Levels and vault maps discovered:
D:1:      lemuel_arrival_funnel, layout_loops_ring
D:2:      cheibrodos_greedy_goblins, layout_loops_cross, marbit_many_paths,
          serial_forest, infiniplex_forest_straight_1,
          infiniplex_forest_straight_5, infiniplex_forest_corner_2,
          infiniplex_forest_corner_1, infiniplex_forest_straight_4

Table legend:
 A = Turns spent in this place as a percentage of turns spent in the entire game.
 B = Non-inter-level travel turns spent in this place as a percentage of non-inter-level travel turns spent in the entire game.
 C = Inter-level travel turns spent in this place as a percentage of turns spent in this place.
 D = Turns resting spent in this place as a percentage of non-inter-level travel turns spent in this place.
 E = Turns spent auto-exploring this place as a percentage of non-inter-level travel turns spent in this place.
 F = Non-inter-level travel turns spent in this place divided by the number of levels of this place that you've seen.
                   A       B       C       D       E      F
               +-------+-------+-------+-------+-------+----------------------
         Total | 100.0 | 100.0 |   0.0 |  34.9 |  47.8 | 156.0
       Dungeon | 100.0 | 100.0 |   0.0 |  34.9 |  47.8 | 156.0
               +-------+-------+-------+-------+-------+----------------------

Table legend:
 A = Kills in this place as a percentage of kills in entire the game.
 B = Kills by you in this place as a percentage of kills by you in the entire game.
 C = Kills by friends in this place as a percentage of kills by friends in the entire game.
 D = Other kills in this place as a percentage of other kills in the entire game.
 E = Experience gained in this place as a percentage of experience gained in the entire game.
 F = Experience gained in this place divided by the number of levels of this place that you have seen.
                   A       B       C       D       E      F
               +-------+-------+-------+-------+-------+----------------------
         Total | 100.0 | 100.0 |   N/A |   N/A | 100.0 |   6.0
       Dungeon | 100.0 | 100.0 |   N/A |   N/A | 100.0 |   6.0
               +-------+-------+-------+-------+-------+----------------------
